 Dungeon Crawl Stone Soup version 0.30-a0-1157-g2cc9ac7196 (webtiles) character file.

Game seed: 4750674889655704068

339356 juan097 the Executioner (level 21, 0/203 HPs)
             Began as a Hill Orc Berserker on Apr 24, 2023.
             Was the Champion of Trog.
             Collided with a rock wall (2 damage)
             ... caused by a wretched star
             ... on level 3 of the Abyss.
             The game lasted 03:16:27 (66339 turns).

juan097 the Executioner (Hill Orc Berserker)       Turns: 66339, Time: 03:16:28

Health: 0/203      AC: 35    Str: 43 (44) XL:     21   Next: 96%
Magic:  3/3        EV: 13    Int: 13      God:    Trog [******]
Gold:   1512       SH:  0    Dex:  9 (10) Spells: 20/20 levels left

rFire   . . .        b - +11 battleaxe of Intimidation {antimagic, Str+6}
rCold   . . .        (shield currently unavailable)
rNeg    . . .        B - +7 chain mail "Qula" {Str+3}
rPois   .            Z - +2 helmet {Int+3}
rElec   .            C - +2 cloak {rC+}
rCorr   .            N - +2 pair of gloves
SInv    +            U - +0 pair of boots
Will    +....        X - amulet of faith
Stlth   +            M - ring of see invisible
HPRegen 0.53/turn    e - ring of Udik Giale {rC+ MP-9 Str+4 Int+3, =R}
MPRegen 0.08/turn

%: faith
@: no status effects
A: deterioration 1, low MP 1, [cold vulnerability 2]
}: 2/15 runes: serpentine, barnacled
a: Renounce Religion, Berserk, Trog's Hand, Brothers in Arms


You were on level 3 of the Abyss.
You worshipped Trog.
Trog was exalted by your worship.
You visited 7 branches of the dungeon, and saw 35 of its levels.
You visited the Abyss 1 time.
You also visited: Bailey and Ice Cave.

You collected 4768 gold pieces.
You spent 3256 gold pieces at shops.

Inventory:

Hand Weapons
 a - the +8 frozen axe "Frostbite" {freeze, freezing cloud, *Noise Fly rC+}
   (Trog gifted it to you on level 2 of the Elven Halls)

   rC:        It protects you from cold.
   Fly:       It grants you flight.
   *Noise:    It may make noises in combat.
 b - the +11 battleaxe of Intimidation (weapon) {antimagic, Str+6}
   (Trog gifted it to you on level 3 of the Snake Pit)

   Str:       It affects your strength (+6).
 i - a +2 vampiric battleaxe
 w - the +9 battleaxe of Taxation {flame, rElec rN++ Dex-5}
   (Trog gifted it to you on level 5 of the Lair of Beasts)

   Dex:       It affects your dexterity (-5).
   rElec:     It insulates you from electricity.
   rN:        It greatly protects you from negative energy.
 R - a +9 executioner's axe of flaming
Missiles
 h - 4 datura-tipped darts
 v - 3 silver javelins
 y - 20 javelins
 D - 34 boomerangs (quivered)
 G - 5 throwing nets
 V - 2 silver boomerangs
Armour
 B - the +7 chain mail "Qula" (worn) {Str+3}
   (You bought it in a shop on level 2 of the Orcish Mines)

   Str:       It affects your strength (+3).
 C - a +2 cloak of cold resistance (worn)
 N - a +2 pair of gloves (worn)
 U - a +0 pair of boots (worn)
 Z - a +2 helmet of intelligence (worn)
Jewellery
 e - the ring of Udik Giale (right hand) {rC+ MP-9 Str+4 Int+3, =R}
   (You acquired it on level 3 of the Lair of Beasts)

   [ring of protection from cold]

   Str:       It affects your strength (+4).
   Int:       It affects your intelligence (+3).
   rC:        It protects you from cold.
   MP:        It affects your magic capacity (-9).
 u - a ring of willpower
 z - a ring of resist corrosion
 E - a ring of fire
 M - a ring of see invisible (left hand)
 T - a ring of poison resistance
 X - an amulet of faith (around neck)
Wands
 t - a wand of digging (5)
 A - a wand of iceblast (1)
 I - a wand of acid (16)
Scrolls
 c - 9 scrolls of teleportation
 g - a scroll of fear
 j - a scroll of blinking
 l - a scroll of enchant weapon
 o - 6 scrolls of fog
 q - 3 scrolls of silence
 s - 2 scrolls of enchant armour
 F - 3 scrolls of summoning
 K - 3 scrolls of magic mapping
 S - 2 scrolls of poison
Potions
 d - 3 potions of cancellation
 f - 6 potions of curing
 k - 5 potions of invisibility
 m - 6 potions of might
 p - 3 potions of heal wounds
 L - 4 potions of haste
 O - 2 potions of ambrosia
 P - 4 potions of resistance
 Q - 6 potions of berserk rage
 W - 4 potions of flight
 Y - 8 potions of attraction
Miscellaneous
 n - a phial of floods (inert)
 r - a lightning rod (4/4)
 x - a tin of tremorstones (inert)
 H - a phantom mirror (inert)


   Skills:
 + Level 20.8 Fighting
 - Level 24.2 Axes
 - Level 8.0 Ranged Weapons
 + Level 14.7 Throwing
 - Level 20.0 Armour
 - Level 10.0 Dodging
 + Level 7.8 Stealth
 - Level 14.0 Evocations


You had 20 spell levels left.
You didn't know any spells.
Your spell library contained the following spells:

 Spells                   Type           Power      Damage    Failure   Level
 Simulacrum               Ice/Necr       0%         N/A       100%        6
 Ozocubu's Refrigeration  Ice            0%         4d7       100%        7
 Polar Vortex             Ice            0%         N/A       100%        9


Dungeon Overview and Level Annotations

Branches:
Dungeon (15/15)            Temple (0/1) D:7            Lair (5/5) D:8
 Shoals (4/4) Lair:2        Snake (4/4) Lair:2        Slime (0/5) Lair:5
    Orc (2/2) D:10            Elf (3/3) Orc:2        Vaults (2/5) D:14
  Crypt (0/3) Vaults:2     Depths (0/4) D:15         Bailey (visited)
  IceCv (visited)

Altars:
Elyvilon
Gozag
Ru
Trog
Beogh
Jiyva
Lugonu

Shops:
D:7 !   D:15 =?*   Orc:2 (([!   Elf:3 *   Snake:1 ?:(   Vaults:1 *(*
Vaults:2 [

Annotations:
D:7 1 runed translucent door, Crazy Yiuf
D:8 2 transporters
Shoals:3 Roxanne


Innate Abilities, Weirdness & Mutations

Your body sometimes deteriorates upon taking damage.
Your magical capacity is low. (-10% MP)
[You are very vulnerable to cold. (rC--)]


Message History

The shadow wraith attacks as you move away!
The shadow wraith hits you but does no damage.
You slash the shadow wraith!
The shadow wraith is moderately damaged.
You closely miss the shadow wraith.
The shadow wraith is moderately damaged.
The shadow wraith closely misses you.
You barely miss the shadow wraith.
The shadow wraith is moderately damaged.
The shadow wraith hits you but does no damage.
You barely miss the shadow wraith.
The shadow wraith is moderately damaged.
You slice the shadow wraith!!
The shadow wraith is almost destroyed.
The shadow wraith closely misses you.
You slash the shadow wraith!
You destroy the shadow wraith!
Trog accepts your kill.
You are no longer corroded.
The wretched star glows turbulently.
The lance of force hits you!!
* * * LOW HITPOINT WARNING * * *
You are knocked back by the lance of force.
You slam into the stone wall!
Unknown command.
The wretched star pulses with an eldritch light!
You feel vulnerable to cold. x2
Unknown command.
You barely miss the wretched star.
The wretched star glows turbulently.
The lance of force hits you!
* * * LOW HITPOINT WARNING * * *
You are knocked back by the lance of force.
You slam into the stone wall!
The wretched star glows turbulently.
The lance of force hits you!
* * * LOW HITPOINT WARNING * * *
You are knocked back by the lance of force.
You slam into the rock wall!
You die...

....
............#
.......#.....#.##
.........∩...#..
#. ........... #.
.#*..#...#
#...#.....#.#
...#......# #.
.#.....####
...*#.@......#
.#...##########
..# ..# #...⌠
#...##


You could see a wretched star.

Vanquished Creatures
  Frederick (Vaults:2)
  Vashnia (Snake:4)
  Jorgrun (Shoals:1)
  Rupert (D:12)
  Mlioglotl (Snake:4)
  A lich (Vaults:1)
  4 deep elf blademasters
  5 krakens
  A sphinx (Shoals:4)
  2 nagarajas
  Donald (Elf:3)
  7 deep elf sorcerers (Elf:3)
  Aizul (Snake:4)
  9 vault wardens
  3 orc warlords
  3 deep elf elementalists
  3 ironbound preservers
  5 very ugly things (Vaults:2)
  A vampire knight (Vaults:2)
  8 ironbound thunderhulks
  Nessos (D:13)
  A dire elephant (Vaults:1)
  2 deep elf demonologists (Elf:3)
  Azrael (Snake:3)
  9 deep elf annihilators
  An eidolon (Vaults:2)
  3 minotaurs (Shoals:4)
  6 merfolk impalers
  2 fire dragons
  A jiangshi (Vaults:2)
  An ettin (D:15)
  2 crystal guardians (Vaults:1)
  2 yaktaur captains (Vaults:2)
  Fannar (D:12)
  A great orb of eyes (Vaults:2)
  An ice dragon (Shoals:1)
  An entropy weaver (Vaults:1)
  4 deep elf high priests (Elf:3)
  4 salamander tyrants
  12 vault guards
  2 peacekeepers (Vaults:1)
  8 anacondas
  A merfolk avatar (Shoals:3)
  3 hydras
  3 boulder beetles
  4 catoblepae (Lair:5)
  4 merfolk aquamancers
  10 centaur warriors
  Erica (D:9)
  4 ironbound frosthearts
  34 dancing weapons
  7 death yaks (Lair:5)
  11 satyrs
  7 two-headed ogres
  14 naga warriors
  11 shock serpents
  Urug (Lair:5)
  A tengu warrior (D:15)
  3 orc high priests
  A soul eater (D:14)
  16 naga sharpshooters
  Nergalle (D:10)
  6 skysharks
  21 deep elf knights
  A fire crab (shapeshifter) (D:14)
  6 skeletal warriors
  A shadow wraith (Abyss:3)
  4 salamander mystics (Snake:4)
  9 sea snakes
  14 deep trolls
  A glowing orange brain (Vaults:2)
  2 bog bodies (IceCv)
  18 deep elf archers
  2 wizards
  9 lindwurms
  8 orc knights
  8 naga ritualists
  A harpy (shapeshifter) (D:15)
  8 ironbound convokers
  Pikel (D:9)
  18 harpies
  4 necromancers
  31 deep elf pyromancers
  8 mana vipers
  26 deep elf zephyrmancers
  12 cyclopes
  An oklob plant (Lair:1)
  A human zombie (Vaults:2)
  20 ugly things
  A fire giant zombie (Vaults:2)
  10 orc sorcerers
  6 elephants
  A tengu skeleton (Vaults:2)
  22 manticores
  13 salamanders
  9 fauns
  An ice statue (IceCv)
  Maurice (D:11)
  A rust devil (D:14)
  A guardian serpent (shapeshifter) (D:13)
  12 naga magi
  A black mamba (shapeshifter) (D:13)
  5 merfolk sirens
  30 black mambas
  3 guardian serpents
  8 vault sentinels
  A cane toad (shapeshifter) (Elf:1)
  7 water nymphs
  2 orange demons (D:14)
  15 cane toads
  A torpor snail (Lair:4)
  An unseen horror (D:11)
  A rime drake (shapeshifter) (Elf:2)
  4 rime drakes
  2 gargoyles
  A freezing wraith (D:15)
  2 kobold demonologists (Bailey)
  15 yaktaurs
  5 komodo dragons
  A komodo dragon (shapeshifter) (Elf:1)
  A tengu conjurer (D:15)
  2 anaconda simulacra (IceCv)
  2 ice devils (D:14)
  33 merfolk
  8 trolls
  2 hellwings (D:14)
  6 polar bears
  A hornet (D:8)
  Prince Ribbit (D:7)
  A tarantella (Vaults:1)
  4 wind drakes
  14 blink frogs
  14 dream sheep
  A stone giant simulacrum (Vaults:2)
  8 slime creatures
  10 snapping turtles
  A centaur simulacrum (D:14)
  A culicivora (Vaults:1)
  61 yaks
  2 ynoxinuls (D:14)
  2 shadows
  2 wraiths
  17 water elementals
  8 wyverns
  5 air elementals
  2 dire elephant simulacra (IceCv)
  7 basilisks
  A human (shapeshifter) (Elf:2)
  2 fire elementals
  2 steam dragons
  A redback (Vaults:1)
  9 vampire mosquitoes
  6 wargs
  A yaktaur simulacrum (Vaults:2)
  A death yak simulacrum (IceCv)
  A neqoxec (D:14)
  A harpy simulacrum (IceCv)
  38 nagas
  10 water moccasins
  4 hell hounds (Snake:3)
  53 orc warriors
  4 black bears
  An elf simulacrum (Vaults:2)
  2 ice beasts
  18 wolves
  7 centaurs
  7 ogres
  A boggart (shapeshifter) (Elf:2)
  A lemure (D:8)
  A kobold brigand (D:9)
  2 phantoms
  2 gnoll sergeants
  6 bullfrogs
  2 necrophages (D:5)
  9 two-headed ogre simulacra
  6 earth elementals
  2 cane toad simulacra (IceCv)
  A human skeleton (Vaults:2)
  3 scorpions
  4 wights (D:5)
  2 elephant simulacra (IceCv)
  12 killer bees
  A human simulacrum (Vaults:2)
  6 electric eels (Bailey)
  3 howler monkeys
  A bullfrog zombie (D:5)
  A jelly (shapeshifter) (Elf:2)
  29 orc priests
  2 hounds
  A jelly (D:7)
  3 sleepcaps (D:5)
  Terence (D:3)
  A spectral killer bee (D:5)
  Natasha (D:2)
  4 iguanas
  26 orc wizards
  8 spriggan simulacra (IceCv)
  3 polar bear simulacra
  8 troll simulacra
  A killer bee zombie (D:5)
  10 adders
  17 gnolls
  A hound simulacrum (D:5)
  5 naga simulacra
  7 white imps
  5 ufetubi
  A dart slug (D:3)
  115 orcs
  5 bats
  5 endoplasms
  3 giant cockroaches
  10 goblins
  9 hobgoblins
  2 jackals (D:1)
  6 quokkas
  5 ball pythons
  6 frilled lizards
  11 kobolds
  7 rats
  4 bushes (Shoals:1)
  19 tentacles
1478 creatures vanquished.

Vanquished Creatures (collateral kills)
  2 skeletal warriors (D:15)
  An ugly thing (D:15)
3 creatures vanquished.

Vanquished Creatures (others)
  A deep elf demonologist (Elf:3)
  A deep elf knight (Elf:2)
  A bush (Lair:5)
  3 demonic plants (D:14)
  53 fungi
  100 plants
  45 tentacles
  20 withered plants (D:5)
224 creatures vanquished.

Grand Total: 1705 creatures vanquished

Notes
Turn   | Place    | Note
-------+----------+-------------------------------------------
     0 | D:1      | juan097 the Hill Orc Berserker began the quest for the Orb.
     0 | D:1      | Reached XP level 1. HP: 19/19 MP: 1/1
   223 | D:1      | Reached XP level 2. HP: 27/27 MP: 2/2
   357 | D:1      | Reached skill level 1 in Stealth
   398 | D:1      | Found a faded altar of an unknown god.
   398 | D:1      | You fall into a shaft and drop 1 floor!
   488 | D:2      | Reached XP level 3. HP: 28/33 MP: 3/3
   548 | D:2      | Noticed Natasha
   770 | D:1      | Reached ** piety under Trog
  1080 | D:2      | Reached skill level 5 in Axes
  1318 | D:2      | Found a sacrificial altar of Ru.
  1539 | D:2      | Killed Natasha
  1540 | D:2      | Reached XP level 4. HP: 31/40 MP: 4/4
  1734 | D:3      | Noticed Terence
  1766 | D:3      | Killed Terence
  1767 | D:3      | Reached XP level 5. HP: 46/46 MP: 5/5
  2352 | D:3      | Reached skill level 6 in Axes
  2699 | D:4      | Noticed a phantom
  2809 | D:4      | Noticed an ice beast
  2825 | D:4      | Killed an ice beast
  2826 | D:4      | Reached XP level 6. HP: 8/52 MP: 6/6
  3408 | D:3      | Reached skill level 7 in Axes
  3665 | D:4      | Reached skill level 8 in Axes
  3665 | D:4      | Reached XP level 7. HP: 58/59 MP: 7/7
  3943 | D:5      | Entered Level 5 of the Dungeon
  4461 | D:5      | Reached skill level 5 in Fighting
  4461 | D:5      | Reached XP level 8. HP: 42/68 MP: 8/8
  4701 | D:5      | Reached *** piety under Trog
  5008 | D:5      | Reached skill level 9 in Axes
  5364 | D:5      | Reached skill level 5 in Armour
  5450 | D:5      | Identified the +2 dagger of Discord {pain, rC+ Dex-2 SInv
                  | Stlth+}
  5693 | D:5      | Reached skill level 10 in Axes
  6021 | D:6      | Identified the +3 sling "Unuwn" {heavy, Dex+9 Stlth-}
  6328 | D:6      | Reached XP level 9. HP: 75/75 MP: 9/9
  6551 | D:6      | Found an opulent altar of Gozag.
  6606 | D:6      | Reached skill level 1 in Ranged Weapons
  7152 | D:7      | Found Axunt's Distillery.
  7214 | D:7      | Found a runed translucent door.
  7215 | D:7      | Noticed Crazy Yiuf
  7308 | D:7      | Reached **** piety under Trog
  7795 | D:7      | Reached skill level 11 in Axes
  7848 | D:7      | Noticed Prince Ribbit
  7858 | D:7      | Killed Prince Ribbit
  7946 | D:7      | Found a staircase to the Ecumenical Temple.
  8165 | D:7      | Bought a potion of heal wounds for 60 gold pieces
  8165 | D:7      | Bought a potion of haste for 120 gold pieces
  8165 | D:7      | Bought a potion of degeneration for 12 gold pieces
  8165 | D:7      | Bought a potion of lignification for 36 gold pieces
  8168 | D:7      | Bought a potion of curing for 36 gold pieces
  8283 | D:8      | Found a staircase to the Lair.
  8311 | D:8      | Reached XP level 10. HP: 85/88 MP: 10/10
  8360 | D:8      | Found a flagged portal.
  8403 | Bailey   | Entered a bailey
  8427 | Bailey   | Reached skill level 12 in Axes
  8474 | Bailey   | Noticed an orc knight
  8657 | Bailey   | Noticed a kobold demonologist
  8770 | Bailey   | Reached skill level 5 in Ranged Weapons
  9215 | Bailey   | Reached skill level 1 in Evocations
  9216 | Bailey   | Killed a kobold demonologist
  9445 | Bailey   | Noticed a kobold demonologist
  9451 | Bailey   | Identified the +0 chain mail "Bicewann" {Dex+6}
  9668 | Bailey   | Killed an orc knight
  9741 | Bailey   | Found an iron altar of Okawaru.
  9901 | Bailey   | Killed a kobold demonologist
 10338 | D:8      | Reached XP level 11. HP: 74/95 MP: 11/11
 10434 | D:8      | Found a transporter.
 10436 | D:8      | Noticed a red ugly thing
 10510 | D:8      | Found a transporter.
 10511 | D:8      | Noticed a white ugly thing
 10513 | D:8      | Noticed a purple ugly thing
 10514 | D:8      | Noticed a purple ugly thing
 10515 | D:8      | Found a corrupted altar of Lugonu.
 10525 | D:8      | Reached ***** piety under Trog
 10836 | D:9      | Noticed Pikel
 11138 | D:9      | Noticed Erica
 11411 | D:9      | Killed Pikel
 11412 | D:9      | Reached skill level 13 in Axes
 11497 | D:9      | Noticed a two-headed ogre
 11529 | D:9      | Killed a two-headed ogre
 11810 | D:9      | Killed Erica
 12427 | Lair:1   | Entered Level 1 of the Lair of Beasts
 12434 | Lair:1   | Noticed an oklob plant
 12557 | Lair:1   | Reached skill level 10 in Fighting
 12583 | Lair:1   | Reached skill level 14 in Axes
 14065 | Lair:1   | Reached skill level 15 in Axes
 14065 | Lair:1   | Reached skill level 5 in Dodging
 14065 | Lair:1   | Reached XP level 12. HP: 110/110 MP: 12/12
 14252 | Lair:2   | Reached XP level 13. HP: 73/116 MP: 13/13
 14408 | Lair:2   | Found a staircase to the Snake Pit.
 15040 | Lair:2   | Reached skill level 10 in Armour
 15260 | Lair:2   | Reached skill level 16 in Axes
 16833 | Lair:3   | Reached skill level 5 in Evocations
 17493 | Lair:3   | Acquired a manual of Fighting
 17496 | Lair:3   | Acquired the ring of Udik Giale {rC+ MP-9 Str+4 Int+3}
 18349 | Lair:4   | Reached XP level 14. HP: 120/132 MP: 5/14
 18683 | Lair:5   | Entered Level 5 of the Lair of Beasts
 18694 | Lair:4   | Reached skill level 17 in Axes
 19488 | Lair:5   | Identified the +9 battleaxe of Taxation {flame, rElec rN++
                  | Dex-5} (Trog gifted it to you on level 5 of the Lair of
                  | Beasts)
 19488 | Lair:5   | Received a gift from Trog
 19813 | Lair:5   | Noticed Urug
 19842 | Lair:5   | Killed Urug
 20173 | Lair:5   | Reached ****** piety under Trog
 20481 | Lair:5   | Reached skill level 18 in Axes
 20828 | Lair:5   | Reached skill level 15 in Fighting
 21255 | Lair:5   | Found a staircase to the Slime Pits.
 21255 | Lair:5   | Found a viscous altar of Jiyva.
 21975 | D:10     | Entered Level 10 of the Dungeon
 22045 | D:10     | Found a staircase to the Orcish Mines.
 22241 | D:10     | Found a bloodstained altar of Trog.
 22242 | D:10     | Found a white marble altar of Elyvilon.
 22248 | D:10     | Noticed Nergalle
 22258 | D:10     | Killed Nergalle
 22380 | D:10     | Received a gift from Trog
 22621 | D:10     | Reached XP level 15. HP: 150/150 MP: 6/15
 22957 | Orc:1    | Entered Level 1 of the Orcish Mines
 22990 | Orc:1    | Noticed an orc warlord
 23015 | D:10     | Killed an orc warlord
 23720 | Orc:1    | Noticed an orc warlord
 23757 | D:10     | Killed an orc warlord
 24461 | Orc:1    | Found a roughly hewn altar of Beogh.
 24573 | Orc:2    | Entered Level 2 of the Orcish Mines
 24580 | Orc:2    | Received a gift from Trog
 24589 | Orc:2    | Found a staircase to the Elven Halls.
 24675 | Orc:2    | Found a roughly hewn altar of Beogh.
 24681 | Orc:2    | Found Miwk's Antique Weapon Emporium.
 25045 | Orc:2    | Found a roughly hewn altar of Beogh.
 25235 | Orc:2    | Found Boamoyve's Distillery.
 25316 | Orc:2    | Found a roughly hewn altar of Beogh.
 25410 | Orc:2    | Found a roughly hewn altar of Beogh.
 26171 | Orc:2    | Found a roughly hewn altar of Beogh.
 26254 | Orc:2    | Found a roughly hewn altar of Beogh.
 26274 | Orc:2    | Found a roughly hewn altar of Beogh.
 26417 | Orc:2    | Noticed an orc warlord
 26454 | Orc:1    | Killed an orc warlord
 26475 | Orc:2    | Received a gift from Trog
 26672 | Orc:2    | Found Fare Sihu's Antique Weapon Shop.
 26673 | Orc:2    | Found a roughly hewn altar of Beogh.
 26674 | Orc:2    | Found Hytoda's Antique Armour Boutique.
 26823 | Orc:2    | Bought a shiny helmet for 232 gold pieces
 26961 | Orc:2    | Bought an ichor-stained chain mail for 294 gold pieces
 26961 | Orc:2    | Identified the +7 chain mail "Qula" {Str+3} (You bought it
                  | in a shop on level 2 of the Orcish Mines)
 27246 | D:11     | Noticed Maurice
 27262 | D:11     | Killed Maurice
 27385 | D:11     | Reached skill level 19 in Axes
 28571 | D:12     | Noticed Rupert
 28578 | D:12     | Killed Rupert
 28666 | D:12     | Noticed Fannar
 28676 | D:12     | Killed Fannar
 29079 | D:13     | Noticed Nessos
 29103 | D:13     | Killed Nessos
 29137 | D:13     | Found a frozen archway.
 29202 | IceCv    | Entered an ice cave
 29760 | IceCv    | Received a gift from Trog
 30327 | D:13     | Reached skill level 20 in Axes
 30371 | D:13     | Reached XP level 16. HP: 150/160 MP: 7/16
 31013 | D:14     | Found a gate to the Vaults.
 31045 | D:14     | HP: 8/160 [fire dragon/blast of flame (58)]
 31837 | D:14     | Received a gift from Trog
 32273 | D:14     | Gained mutation: Your body sometimes deteriorates upon
                  | taking damage. [a neqoxec]
 32638 | D:15     | Entered Level 15 of the Dungeon
 32662 | D:15     | Found Seqemyirph's Jewellery Shop.
 32767 | D:15     | Reached skill level 15 in Armour
 32826 | D:15     | Found Larecs's Assorted Antiques.
 32834 | D:15     | Bought an emerald potion for 28 gold pieces
 32834 | D:15     | Bought a steaming chain mail for 304 gold pieces
 32834 | D:15     | Identified the +6 chain mail of Avant Garde Leaves {SInv}
                  | (You bought it in a shop on level 15 of the Dungeon)
 32922 | D:15     | Found Emairih's Weapon Shop.
 33352 | D:15     | Reached skill level 10 in Evocations
 33574 | D:15     | Found a staircase to the Depths.
 34093 | D:15     | Received a gift from Trog
 34454 | D:15     | Found Raakejiyf's Magic Scroll Shop.
 34462 | D:15     | Bought a scroll of blinking for 120 gold pieces
 34462 | D:15     | Bought a scroll of fog for 64 gold pieces
 34462 | D:15     | Bought a scroll of blinking for 120 gold pieces
 34462 | D:15     | Bought a scroll of summoning for 152 gold pieces
 34731 | Snake:1  | Entered Level 1 of the Snake Pit
 35150 | Lair:2   | Reached XP level 17. HP: 102/168 MP: 17/17
 35709 | Snake:1  | Found Byison's Magic Scroll Emporium.
 35712 | Snake:1  | Found Teschai's Book Shoppe.
 35714 | Snake:1  | Found Alygoll's Antique Weapon Emporium.
 35731 | Snake:1  | Acquired 1032 gold pieces
 35738 | Snake:1  | Bought a scroll of acquirement for 572 gold pieces
 35739 | Snake:1  | Acquired a manual of Axes
 36898 | Snake:2  | Reached skill level 21 in Axes
 37153 | Snake:2  | Received a gift from Trog
 37709 | Snake:2  | Reached skill level 22 in Axes
 38826 | Snake:3  | Noticed Azrael
 39013 | Snake:3  | Killed Azrael
 39620 | Snake:3  | Identified the +11 battleaxe of Intimidation {antimagic,
                  | Str+6} (Trog gifted it to you on level 3 of the Snake Pit)
 39620 | Snake:3  | Received a gift from Trog
 39950 | Shoals:1 | Entered Level 1 of the Shoals
 40303 | Shoals:1 | Noticed a kraken
 40303 | Shoals:1 | Noticed Jorgrun
 40324 | Shoals:1 | Killed Jorgrun
 40502 | Shoals:1 | Reached skill level 23 in Axes
 41141 | Shoals:1 | Killed a kraken
 41432 | Shoals:1 | Noticed a kraken
 41677 | Shoals:1 | Killed a kraken
 41678 | Shoals:1 | Reached XP level 18. HP: 116/176 MP: 9/18
 42230 | Shoals:1 | Identified the +0 animal skin of Amelioration {rElec Slay-5
                  | SInv Stlth-}
 42565 | Shoals:2 | Identified the +1 short sword "Omoptaol" {heavy, rF+}
 43590 | Shoals:3 | Received a gift from Trog
 44056 | Shoals:3 | Reached skill level 24 in Axes
 44753 | Shoals:3 | Identified Roxanne's Grimoire of Transformation
 44753 | Shoals:3 | Noticed Roxanne
 45983 | Snake:4  | Entered Level 4 of the Snake Pit
 45991 | Snake:4  | Received a gift from Trog
 46818 | Snake:4  | Noticed Aizul
 46971 | Snake:4  | Killed Aizul
 47720 | Snake:3  | Reached skill level 5 in Throwing
 47971 | Snake:4  | Noticed Vashnia
 48432 | Snake:4  | Received a gift from Trog
 48781 | Snake:4  | Killed Vashnia
 49174 | Snake:4  | Noticed Mlioglotl
 49185 | Snake:4  | Killed Mlioglotl
 49186 | Snake:4  | Reached XP level 19. HP: 138/183 MP: 10/19
 49222 | Snake:4  | Reached skill level 5 in Stealth
 49446 | Snake:4  | Got a serpentine rune of Zot
 49670 | Shoals:4 | Entered Level 4 of the Shoals
 50507 | Shoals:4 | Received a gift from Trog
 51106 | Shoals:4 | Paralysed by a sphinx for 5 turns
 51698 | Shoals:4 | Got a barnacled rune of Zot
 52328 | Shoals:4 | Identified the +0 great sword of World's End {distort,
                  | MP+9}
 52673 | Shoals:4 | Identified the staff of cold "Qoduun" {*Slow rElec rC+
                  | rCorr Str+4}
 53187 | D:7      | Bought a potion of heal wounds for 60 gold pieces
 53187 | D:7      | Bought a potion of curing for 36 gold pieces
 53331 | Orc:2    | Bought a potion of haste for 160 gold pieces
 53331 | Orc:2    | Bought a potion of resistance for 160 gold pieces
 53331 | Orc:2    | Bought a potion of resistance for 160 gold pieces
 53502 | Snake:1  | Bought a scroll of enchant weapon for 82 gold pieces
 53661 | Vaults:1 | Entered Level 1 of the Vaults
 54270 | Vaults:1 | Received a gift from Trog
 54411 | Vaults:1 | Found Nadolupni's Assorted Antiques.
 54498 | Vaults:1 | Found Ethryn's General Store.
 55083 | Vaults:1 | Found Ystruuck's Antique Weapon Shop.
 55094 | Vaults:1 | Reached XP level 20. HP: 146/193 MP: 11/20
 55195 | Vaults:1 | Bought a dazzling battleaxe for 345 gold pieces
 55195 | Vaults:1 | Identified the +4 battleaxe of Jyub {freeze, Str+4 Int+3}
                  | (You bought it in a shop on level 1 of the Vaults)
 55387 | Vaults:2 | Found a staircase to the Crypt.
 55413 | Vaults:2 | Paralysed by a great orb of eyes for 4 turns
 56150 | Vaults:2 | Received a gift from Trog
 56168 | Vaults:2 | Paralysed by a vampire knight for 4 turns
 56180 | Vaults:2 | Paralysed by a vampire knight for 2 turns
 56615 | Vaults:2 | Noticed Frederick
 56630 | Vaults:2 | Reached skill level 10 in Dodging
 56637 | Vaults:2 | Killed Frederick
 57376 | Vaults:2 | Reached skill level 10 in Throwing
 57832 | Vaults:2 | Received a gift from Trog
 58219 | Vaults:2 | Found Kioc Ibupp's Armour Shoppe.
 58225 | Vaults:2 | Bought a +0 pair of boots for 103 gold pieces
 58622 | Elf:1    | Entered Level 1 of the Elven Halls
 59586 | Elf:1    | Received a gift from Trog
 59641 | Elf:1    | You fall into a shaft and drop 1 floor!
 60123 | Elf:1    | Reached XP level 21. HP: 150/201 MP: 12/21
 60300 | Elf:1    | Identified the +0 chain mail "Mozolemy" {*Slow rN+++ Int+3}
 60422 | Elf:1    | Received a gift from Trog
 60894 | Elf:1    | Paralysed by an air elemental for 1 turns
 62003 | Elf:2    | Found a huge runed translucent gate.
 62003 | Elf:2    | Found a huge runed translucent gate.
 62003 | Elf:2    | Found a huge runed translucent gate.
 62009 | Elf:2    | Found a huge runed translucent gate.
 62009 | Elf:2    | Found a huge runed translucent gate.
 62257 | Elf:2    | Received a gift from Trog
 62257 | Elf:2    | Found the +8 frozen axe "Frostbite" {freeze, freezing
                  | cloud, *Noise Fly rC+}
 63130 | Elf:3    | Entered Level 3 of the Elven Halls
 63159 | Elf:3    | Paralysed by an air elemental for 1 turns
 63177 | Elf:3    | Found Keneler's Assorted Antiques.
 63528 | Elf:3    | Noticed Donald
 63535 | Elf:3    | Killed Donald
 63871 | Elf:3    | Paralysed by an air elemental for 1 turns
 64139 | Elf:3    | Received a gift from Trog
 66081 | Elf:3    | Gained mutation: Your magical capacity is low. (-10% MP) [a
                  | neqoxec]
 66314 | Abyss:3  | Cast into level 3 of the Abyss (a deep elf sorcerer)
 66339 | Abyss:3  | HP: 2/203 [wretched star/lance of force (12)]
 66339 | Abyss:3  | Collided with a rock wall

Illustrated notes

Levels and vault maps discovered:
D:1:      saegor_arrival_miasma, layout_loops_ring,
          shapermc_ecumenical_altar_starsandcircs
D:2:      layout_basic, basic_altar, uniq_natasha
D:3:      layout_loops_ring, uniq_terence
D:4:      layout_loops_ring
D:5:      black_bear_nest_2, layout_basic, dilly_guarded_unrand_morg
D:6:      layout_basic, lemuel_coloured_pillars_altar
D:7:      layout_basic, minmay_temple_entry_grid, serial_shops,
          nicolae_shop_tiny_statue_garden, uniq_prince_ribbit1,
          uniq_crazy_yiuf_cottage
D:8:      gammafunk_corrupted_shrine, layout_cave_pools, david_lair_generic,
          enter_bailey_5
D:9:      layout_loops_ring, nicolae_wwwww, uniq_pikel, uniq_erica
D:10:     layout_long_grid, nicolae_overflow_squiral, david_orc_1_choice,
          uniq_nergalle
D:11:     layout_irregular_city, minmay_fractal_squares_diagonal_5, uniq_maurice
D:12:     layout_gridville, uniq_rupert, uniq_fannar
D:13:     layout_irregular_city, portal_ice_cave_entry_ice_simulacra,
          uniq_nessos
D:14:     layout_loops_ring, lightli_vaults_fourway_checkpoint, serial_demonic,
          serial_demonic_f, serial_demonic_f, serial_demonic_g, serial_demonic_e
D:15:     hangedman_depths_entry_civil_slaughter, layout_stronghold,
          serial_shops, shop, nicolae_shop_tiny_real_fake_doors, shop, shop
Lair:1:   layout_cave_pods
Lair:2:   layout_gridlike, nicolae_shoals_entry_flooding,
          minmay_snake_entry_six_corridors, lemuel_old_faithful,
          grunt_megastairs_4
Lair:3:   layout_roguey
Lair:4:   layout_loops_ring, beast_lair_carwin_9
Lair:5:   evilmike_catoblepas_cave, layout_long_grid, slime_entry_1,
          grunt_megastairs_1, uniq_urug
Shoals:1: argonaut_golden_fleece, layout_shoals, uniq_jorgrun
Shoals:2: layout_shoals
Shoals:3: layout_shoals, uniq_roxanne
Shoals:4: shoals_end_hellmonk_lost_city
Snake:1:  layout_misc_corridors, special_room, minmay_shop_star
Snake:2:  layout_basic, drop_trap, lemuel_fruit_tree
Snake:3:  layout_honeycomb, uniq_azrael
Snake:4:  snake_pit, layout_onion, serial_bayou_shore_b, serial_bayou_shore_b,
          uniq_mlioglotl, uniq_aizul, uniq_vashnia
Orc:1:    layout_diamond_mine, minmay_orc_temple_c
Orc:2:    grunt_orc_community_town_hall, layout_caves,
          grunt_orc_community_big_house_2, grunt_orc_community_big_house_1,
          grunt_orc_community_house_2, grunt_orc_community_house_3,
          grunt_orc_community_house_3, grunt_orc_community_house_3,
          grunt_orc_community_house_2, grunt_orc_community_house_1, basic_altar
Elf:1:    nicolae_elf_arrival_fired_up, layout_geoelf_octagon,
          evilmike_minifort, guppyfry_library_mini
Elf:2:    elven_hall_of_blades_hangedman_alternative [mumra_blade_entry_dagger],
          layout_rooms, nicolae_elf_shapeshifter_party, uniq_louise
Elf:3:    minmay_elf_hall_four_x, layout_onion_city, serial_shops, shop,
          uniq_donald
Vaults:1: nicolae_vaults_shrinking_rooms_1, v_misc_15,
          ontoclasm_vaults_ring_square, nicolae_vaults_tetromino_T_1,
          nicolae_vaults_asterisk, vaults_room_hallway, v_misc_9,
          grunt_vaults_diagonal, nicolae_vaults_house_1, serial_ice_h,
          layout_vaults_big_room, serial_shops, shop, shop,
          nicolae_shop_rolling_square
Vaults:2: hangedman_vaults_stitches, minmay_crypt_entry_simple_corners,
          vaults_room_door_ring, vaults_room_pools,
          nicolae_vaults_closet_pinwheel_6, nicolae_vaults_circle_grid_a,
          dpeg_vaults_monster_box, hangedman_vaults_restitches,
          ontoclasm_vaults_claustrophobia, ontoclasm_vaults_twist,
          vaults_dpeg_diagonal, hangedman_vaults_snaps,
          nicolae_vaults_turnstiles, vaults_dpeg_encased_lava,
          nicolae_vaults_tangram_1, layout_vaults_omnibox, uniq_frederick
Abyss:3:  base: Depths:1, evilmike_abyss_exit_6, nicolae_abyss_rune_star_stuff

Skill      XL: |  1  2  3  4  5  6  7  8  9 10 11 12 13 14 15 16 17 18 19 20 21 |
---------------+----------------------------------------------------------------+-----
Fighting       | 4 5 6 8 11 14 18 19 20 | 20.8
Stealth        | 1 2 3 4 6 7 |  7.8
Axes           | 5 6 8 10 11 12 15 16 18 20 23 24 | 24.2
Dodging        | 2 3 4 5 6 7 8 9 10 | 10.0
Armour         | 3 5 6 7 9 11 12 14 15 17 18 19 20 | 20.0
Ranged Weapons | 4 6 8 |  8.0
Evocations     | 3 4 6 8 10 12 13 14 | 14.0
Throwing       | 3 4 5 8 12 14 | 14.7

Action                     |  1- 3 |  4- 6 |  7- 9 | 10-12 | 13-15 | 16-18 | 19-21 || total
---------------------------+-------+-------+-------+-------+-------+-------+-------++-------
  Melee: Hand axe          |    91 |   119 |   240 |       |     6 |       |       ||   456
         Punch             |     1 |     2 |     3 |       |       |       |       ||     6
         Battleaxe         |       |       |    87 |   273 |   931 |   737 |   439 ||  2467
         Dagger            |       |       |       |     8 |       |       |       ||     8
         Executioner's axe |       |       |       |       |       |   111 |   599 ||   710
   Fire: Sling             |    26 |    30 |    27 |       |       |       |       ||    83
         Shortbow          |       |       |    49 |   442 |   296 |       |       ||   787
         Longbow           |       |       |       |       |    60 |   407 |    30 ||   497
  Throw: Dart              |       |       |       |     6 |     9 |       |    11 ||    26
         Boomerang         |       |       |       |       |     8 |    35 |   129 ||   172
         Throwing net      |       |       |       |       |     1 |       |       ||     1
         Javelin           |       |       |       |       |       |       |    10 ||    10
 Invoke: Berserk           |       |     3 |     2 |     1 |     7 |     2 |     1 ||    16
         Trog's Hand       |       |       |       |     3 |     9 |     5 |     5 ||    22
         Brothers in Arms  |       |       |       |       |       |     1 |       ||     1
  Evoke: Wand              |       |       |       |     6 |     7 |    33 |    39 ||    85
         Lightning rod     |       |       |       |       |     2 |       |     3 ||     5
         Tin of tremorston |       |       |       |       |       |     2 |     6 ||     8
         Phial of floods   |       |       |       |       |       |     1 |     1 ||     2
         Phantom mirror    |       |       |       |       |       |       |     1 ||     1
    Use: Scroll            |       |       |     6 |     2 |    17 |    16 |    15 ||    56
         Potion            |       |       |       |     4 |     4 |     3 |    17 ||    28
   Stab: Sleeping          |     1 |     3 |     4 |       |       |       |       ||     8
         Petrified         |       |       |       |       |     8 |       |       ||     8
         Distracted        |       |       |       |       |       |     1 |       ||     1
         Invisible         |       |       |       |       |       |       |     9 ||     9
 Armour: Animal skin       |     6 |       |       |       |       |       |       ||     6
         Leather armour    |    24 |     5 |       |       |       |       |       ||    29
         Ring mail         |       |    22 |   107 |       |       |       |       ||   129
         Steam dragon scal |       |       |     6 |    80 |       |       |       ||    86
         Chain mail        |       |       |       |     3 |   460 |   739 |   711 ||  1913
  Dodge: Dodged            |    59 |    56 |   167 |   159 |   471 |   652 |   488 ||  2052
         Repelled          |       |       |       |       |       |    39 |       ||    39

Table legend: (Time is in decaauts)
 A = Elapsed time spent in this place.
 B = Non-inter-level travel time spent in this place.
 C = Inter-level travel time spent in this place.
 D = Time resting spent in this place.
 E = Time spent auto-exploring this place.
 F = Levels seen in this place.
 G = Mean time per level.
                   A        B        C        D        E       F      G
               +--------+--------+--------+--------+--------+-----+--------+
         Total |  66115 |  61386 |   4729 |   1655 |  47067 |  38 | 1739.9 |
       Dungeon |  20337 |  18150 |   2187 |    136 |  14166 |  15 | 1355.8 |
          Lair |  10265 |   9371 |    894 |    401 |   7370 |   5 | 2053.0 |
        Shoals |   8733 |   8395 |    338 |    466 |   6222 |   4 | 2183.2 |
     Snake Pit |   8314 |   7931 |    383 |    417 |   6043 |   4 | 2078.5 |
  Orcish Mines |   3618 |   3254 |    364 |      1 |   2467 |   2 | 1809.0 |
   Elven Halls |   7521 |   7166 |    355 |    213 |   5647 |   3 | 2507.0 |
        Vaults |   4621 |   4415 |    206 |     13 |   3694 |   2 | 2310.5 |
         Abyss |     21 |     21 |      0 |      6 |      0 |   1 |   21.0 |
        Bailey |   1742 |   1742 |      0 |      0 |    831 |   1 | 1742.0 |
      Ice Cave |    938 |    938 |      0 |      0 |    625 |   1 |  938.0 |
               +--------+--------+--------+--------+--------+-----+--------+

Top non-repeatable levels by time:
   Elf:2: 3104 daAuts
  Lair:2: 3067 daAuts
   Elf:1: 2638 daAuts
Shoals:1: 2578 daAuts
 Snake:3: 2573 daAuts
Shoals:3: 2528 daAuts
Vaults:1: 2498 daAuts
  Lair:5: 2277 daAuts
   Orc:2: 2234 daAuts
 Snake:2: 2218 daAuts
Shoals:4: 2209 daAuts
Vaults:2: 2123 daAuts
  Lair:1: 1974 daAuts
 Snake:4: 1970 daAuts
     D:5: 1941 daAuts
